[Event "GCT Paris Rapid 2019"]
[Site "Paris"]
[Date "2019.07.27"]
[Round "1.1"]
[White "Nakamura, Hikaru"]
[Black "Caruana, Fabiano"]
[Result "0-1"]
[ECO "E48"]
[WhiteElo "2754"]
[BlackElo "2819"]
[Annotator "RC"]
[PlyCount "74"]
[EventDate "2019.07.26"]
[EventType "tourn"]
[EventCountry "FRA"]
[SourceTitle "playchess.com"]
[Source "ChessBase"]
[SourceQuality "1"]
[TimeMode "Bronstein"]
[TimeControl "1500+10"]

1. d4 Nf6 2. c4 e6 3. Nc3 Bb4 4. e3 O-O 5. Bd3 c5 6. Nge2 d5 7. cxd5 exd5 8. O-O c4 9. Bc2 Nc6 10. a3 Ba5 11. f3 Re8 12. b3 cxb3 13. Bxb3 Bf5 14. g4 Bg6 15. Bd2 Rc8 16. Rc1 Bc7 17. g5 Nh5 18. f4 Ne7 19. Ba4 Rf8 20. Ng3 Nxg3 21. hxg3 Ba5 22. g4 Bd3 23. Rf2 Qd6 24. Be1 Qa6 25. Bb3 Bxc3 26. Bxc3 Be4 27. Bb4 Rxc1 28. Qxc1 Rc8 29. Qf1 Qb6 30. Qd1 Qc7 31. Rf1 a5 32. Bd2 Qd6 33. a4 h6 34. g6 Nxg6 35. Bxa5 Qa3 36. Bd2 Nh4 37. g5 Nf3+ 0-1

[Event "GCT Paris Rapid 2019"]
[Site "Paris"]
[Date "2019.07.27"]
[Round "1.2"]
[White "Dubov, Daniil"]
[Black "Vachier-Lagrave, Maxime"]
[Result "0-1"]
[ECO "A33"]
[WhiteElo "2700"]
[BlackElo "2775"]
[Annotator "RC"]
[PlyCount "124"]
[EventDate "2019.07.26"]
[EventType "tourn"]
[EventCountry "FRA"]
[SourceTitle "playchess.com"]
[Source "ChessBase"]
[SourceQuality "1"]
[TimeMode "Bronstein"]
[TimeControl "1500+10"]

1. c4 c5 2. Nf3 Nf6 3. d4 cxd4 4. Nxd4 e6 5. Nc3 Nc6 6. g3 Qb6 7. Ndb5 Ne5 8. Bg2 a6 9. Na4 Qd8 10. Nd6+ Bxd6 11. Qxd6 Nxc4 12. Qc5 d5 13. b3 Bd7 14. bxc4 Bxa4 15. Qa3 Qd7 16. Bb2 b5 17. cxd5 exd5 18. Bxf6 gxf6 19. O-O Qe7 20. Qf3 O-O 21. Qg4+ Kh8 22. Bxd5 Rad8 23. e4 b4 24. Rac1 Bd7 25. Qf4 Bb5 26. Rc7 Qd6 27. Qxd6 Rxd6 28. Rb1 a5 29. a3 f5 30. f3 fxe4 31. fxe4 f5 32. axb4 Bd3 33. Re1 axb4 34. Rb7 Re8 35. Bf7 Rxe4 36. Rc1 Rd8 37. Rd1 f4 38. Bb3 Red4 39. Rf7 fxg3 40. hxg3 Bg6 41. Rf8+ Rxf8 42. Rxd4 Rb8 43. Kf2 Kg7 44. Ke3 Rb6 45. g4 Kf6 46. Kf4 Bf7 47. g5+ Ke7 48. Bc2 Bg8 49. Re4+ Kf8 50. Bb1 b3 51. Ra4 Rb7 52. Ke3 Kg7 53. Kd2 Bf7 54. Rh4 Bg6 55. Rh1 b2 56. Kc3 Bxb1 57. Rxb1 Kg6 58. Kc2 Rb8 59. Kc3 Kxg5 60. Kc2 h5 61. Rg1+ Kh6 62. Kb1 h4 0-1

[Event "GCT Paris Rapid 2019"]
[Site "Paris"]
[Date "2019.07.27"]
[Round "2.5"]
[White "Giri, Anish"]
[Black "Anand, Viswanathan"]
[Result "0-1"]
[ECO "E11"]
[WhiteElo "2779"]
[BlackElo "2764"]
[Annotator "RC"]
[PlyCount "127"]
[EventDate "2019.07.26"]
[EventType "tourn"]
[EventCountry "FRA"]
[SourceTitle "playchess.com"]
[Source "ChessBase"]
[SourceQuality "1"]
[TimeMode "Bronstein"]
[TimeControl "1500+10"]

1. d4 Nf6 2. c4 e6 3. Nf3 Bb4+ 4. Bd2 Qe7 5. g3 Nc6 6. Nc3 Bxc3 7. Bxc3 Ne4 8. Rc1 d6 9. Bg2 O-O 10. d5 Nd8 11. dxe6 Nxe6 12. O-O Nxc3 13. Rxc3 Bd7 14. Re1 Bc6 15. e4 a5 16. b3 Rfe8 17. Rce3 Qf6 18. e5 dxe5 19. Nxe5 Bxg2 20. Kxg2 Rad8 21. Qg4 Re7 22. h4 Nf8 23. h5 h6 24. Qe4 Qb6 25. Qf3 Nh7 26. Kg1 Nf6 27. R3e2 Qa6 28. Nd3 Rxe2 29. Rxe2 Qd6 30. Re3 c6 31. Qf5 Qa3 32. Re2 a4 33. Nc5 axb3 34. axb3 b6 35. Ne4 Nxe4 36. Rxe4 Qxb3 37. Kg2 Qb4 38. Qe5 Rc8 39. Rg4 Qf8 40. Kg1 Kh8 41. Kg2 f6 42. Qe6 Qe8 43. Qf5 Rd8 44. Re4 Qf7 45. Re6 b5 46. cxb5 cxb5 47. Rb6 Qd5+ 48. Qxd5 Rxd5 49. g4 f5 50. f3 fxg4 51. fxg4 Kg8 52. Rb7 Rg5 53. Kf3 Kf8 54. Kf4 Ke8 55. Ke3 Kd8 56. Kf4 Kc8 57. Ra7 b4 58. Ra2 b3 59. Rb2 Rb5 60. Ke4 Kd7 61. Kd3 Ke6 62. Kc3 Kf6 63. Rf2+ Kg5 64. Kd4 0-1

[Event "GCT Paris Rapid 2019"]
[Site "Paris"]
[Date "2019.07.28"]
[Round "5.1"]
[White "Vachier-Lagrave, Maxime"]
[Black "Caruana, Fabiano"]
[Result "1-0"]
[ECO "B56"]
[WhiteElo "2775"]
[BlackElo "2819"]
[Annotator "RC"]
[PlyCount "105"]
[EventDate "2019.07.26"]
[EventType "tourn"]
[EventCountry "FRA"]
[SourceTitle "playchess.com"]
[Source "ChessBase"]
[SourceQuality "1"]
[TimeMode "Bronstein"]
[TimeControl "1500+10"]

1. e4 c5 2. Nf3 d6 3. d4 cxd4 4. Nxd4 Nf6 5. Nc3 Nc6 6. g3 Nxd4 7. Qxd4 g6 8. e5 dxe5 9. Qxd8+ Kxd8 10. Bg2 Kc7 11. O-O Be6 12. Re1 Nd7 13. Be3 a6 14. a4 Rc8 15. a5 Bg7 16. Ra4 Kb8 17. Rb4 Rc7 18. Rd1 Rhc8 19. Bf1 Ka8 20. Na4 f5 21. c4 e4 22. c5 Ne5 23. Nb6+ Kb8 24. Nxc8 Kxc8 25. Rb6 Bd7 26. b4 Ba4 27. Rb1 Nd3 28. Be2 Bc6 29. f3 Ne5 30. fxe4 Bxe4 31. Rd1 Bc6 32. Bf4 Bf6 33. h4 Rd7 34. Rxd7 Kxd7 35. b5 axb5 36. Bxb5 Bxb5 37. Rxb5 Kc8 38. Bxe5 Bxe5 39. c6 Bd4+ 40. Kg2 bxc6 41. Rb1 h6 42. a6 e5 43. Rb7 h5 44. Rg7 Kb8 45. Rxg6 c5 46. Kf3 c4 47. Ke2 e4 48. Rg5 Be5 49. g4 hxg4 50. Rxf5 Bd4 51. Rg5 c3 52. Rxg4 Bf6 53. Rxe4 1-0